[ AOE2 MATCH · #487910935 ]
UnrankedTeutons vs Burgundians
[ REPLAY ANALYSIS · EXTRACTED FROM THE RECORDED GAME ]
Feudal
10:31
Castle
14:26
Imperial
28:10
| APM avg | 30.0 |
| APM peak | 77 |
| eAPM avg | 21.1 |
| Villagers / military | 150 / 68 |
Focus
⚔️ 19.5% · 🌾 80.5%
Knight ×49 · Trebuchet (Packed) ×9 · Monk ×3 · Teutonic Knight ×3 · Spearman ×2 · Battering Ram ×2
Feudal
10:56
Castle
14:44
Imperial
28:21
| APM avg | 42.2 |
| APM peak | 85 |
| eAPM avg | 22.1 |
| Villagers / military | 132 / 40 |
Focus
⚔️ 25.5% · 🌾 74.5%
Hand Cannoneer ×15 · Flemish Militia ×13 · Coustillier ×5 · Trebuchet (Packed) ×4 · Monk ×3
Feudal
11:56
Castle
16:58
Imperial
—
| APM avg | 37.2 |
| APM peak | 86 |
| eAPM avg | 16.3 |
| Villagers / military | 106 / 34 |
Focus
⚔️ 18.9% · 🌾 81.1%
Elephant Archer ×19 · Skirmisher ×6 · Armored Elephant ×5 · Monk ×2 · Spearman ×2
Feudal
10:57
Castle
14:51
Imperial
30:50
| APM avg | 46.4 |
| APM peak | 84 |
| eAPM avg | 16.4 |
| Villagers / military | 101 / 42 |
Focus
⚔️ 25.5% · 🌾 74.5%
Longbowman ×17 · Skirmisher ×16 · Spearman ×4 · Monk ×2 · Petard ×2 · Mangonel ×1
Match map
Initial resources + every placement click. Lines = walls · curves = elevation contours. ◆ gold · ⬟ stone · ● berries · ✦ relic · ◌ wall gap
Your base· ✓ Closed at 14:26 · 0t walls · 2 gate(s)
Pierretto's base· ✓ Closed at 14:44 · 0t walls · 2 gate(s)
Piojoso87's base· ✓ Closed at 16:58 · 6t walls · 3 gate(s)
Eat_Rice's base· ✓ Closed at 14:51 · 0t walls · 3 gate(s)
Smoothed initial terrain · ◌ = detected wall gap · hover for details
Inputs per minute
— Darth Yoda - - Pierretto
Build order — Darth Yoda
First 150 of 343 actions detected
| 0:01 | Create | Villager (Male) |
| 0:02 | Create | Villager (Male) |
| 0:02 | Build | House |
| 0:03 | Build | House |
| 0:08 | Create | Villager (Male) |
| 0:15 | Create | Villager (Male) |
| 1:24 | Create | Villager (Male) |
| 1:58 | Create | Villager (Male) |
| 2:02 | Build | Lumber Camp |
| 2:17 | Create | Villager (Male) |
| 2:35 | Create | Villager (Male) |
| 3:10 | Create | Villager (Male) |
| 3:32 | Create | Villager (Male) |
| 3:43 | Create | Villager (Male) |
| 3:44 | Create | Villager (Male) |
| 3:54 | Build | House |
| 4:21 | Create | Villager (Male) |
| 4:43 | Create | Villager (Male) |
| 4:43 | Create | Villager (Male) |
| 5:22 | Create | Villager (Male) |
| 5:31 | Build | House |
| 5:32 | Build | House |
| 5:36 | Create | Villager (Male) |
| 5:36 | Create | Villager (Male) |
| 6:01 | Build | Mill |
| 6:26 | Create | Villager (Male) |
| 6:26 | Create | Villager (Male) |
| 6:58 | Build | Farm |
| 7:02 | Create | Villager (Male) |
| 7:09 | Build | Farm |
| 7:32 | Create | Villager (Male) |
| 7:43 | Build | Farm |
| 7:59 | Build | Mining Camp |
| 8:00 | Research | Feudal Age |
| 9:33 | Create | Villager (Male) |
| 9:34 | Create | Villager (Male) |
| 10:07 | Build | Farm |
| 10:31 | Age | Feudal Age |
| 10:33 | Build | Market |
| 10:36 | Build | Blacksmith |
| 10:38 | Create | Villager (Male) |
| 11:30 | Build | House |
| 11:40 | Build | Farm |
| 11:44 | Research | Castle Age |
| 12:17 | Build | House |
| 12:17 | Build | House |
| 12:20 | Research | Double-Bit Axe |
| 12:40 | Research | Horse Collar |
| 13:25 | Build | House |
| 13:26 | Build | House |
| 13:56 | Create | Villager (Male) |
| 13:58 | Build | Farm |
| 14:26 | Age | Castle Age |
| 14:30 | Research | Bow Saw |
| 14:33 | Build | House |
| 14:45 | Build | Town Center |
| 14:46 | Create | Villager (Male) |
| 14:53 | Research | Heavy Plow |
| 14:58 | Build | Farm |
| 15:06 | Create | Villager (Male) |
| 15:12 | Build | Farm |
| 15:13 | Build | Farm |
| 15:24 | Build | Farm |
| 15:29 | Create | Villager (Male) |
| 15:49 | Build | Town Center |
| 15:53 | Create | Villager (Male) |
| 15:53 | Create | Villager (Male) |
| 16:22 | Create | Villager (Male) |
| 16:33 | Research | Wheelbarrow |
| 16:37 | Create | Villager (Male) |
| 16:38 | Create | Villager (Male) |
| 16:40 | Build | Farm |
| 16:45 | Build | Farm |
| 17:07 | Create | Villager (Male) |
| 17:07 | Create | Villager (Male) |
| 17:11 | Build | Farm |
| 17:16 | Build | Farm |
| 17:25 | Create | Villager (Male) |
| 17:27 | Build | Farm |
| 17:29 | Build | Farm |
| 17:31 | Build | Farm |
| 17:34 | Build | Farm |
| 17:36 | Create | Villager (Male) |
| 17:36 | Create | Villager (Male) |
| 17:36 | Create | Villager (Male) |
| 17:47 | Build | House |
| 17:48 | Build | House |
| 17:49 | Build | House |
| 17:53 | Build | Farm |
| 17:55 | Create | Villager (Male) |
| 17:56 | Create | Villager (Male) |
| 17:56 | Create | Villager (Male) |
| 18:22 | Build | Farm |
| 18:25 | Create | Villager (Male) |
| 18:25 | Create | Villager (Male) |
| 18:34 | Create | Villager (Male) |
| 18:34 | Create | Villager (Male) |
| 18:37 | Build | Farm |
| 18:42 | Build | Farm |
| 18:43 | Create | Villager (Male) |
| 18:43 | Create | Villager (Male) |
| 18:43 | Create | Villager (Male) |
| 18:50 | Build | Farm |
| 18:57 | Build | Lumber Camp |
| 19:03 | Create | Villager (Male) |
| 19:04 | Create | Villager (Male) |
| 19:06 | Build | Farm |
| 19:08 | Create | Villager (Male) |
| 19:08 | Create | Villager (Male) |
| 19:08 | Create | Villager (Male) |
| 19:09 | Create | Villager (Male) |
| 19:22 | Build | House |
| 19:23 | Build | House |
| 19:24 | Build | House |
| 19:27 | Build | Farm |
| 19:29 | Create | Villager (Male) |
| 19:41 | Build | Farm |
| 19:45 | Create | Villager (Male) |
| 19:54 | Create | Villager (Male) |
| 19:55 | Create | Villager (Male) |
| 20:05 | Research | Hand Cart |
| 20:09 | Build | Farm |
| 20:16 | Build | Farm |
| 20:19 | Create | Villager (Male) |
| 20:19 | Create | Villager (Male) |
| 20:20 | Research | Loom |
| 20:26 | Build | Barracks |
| 20:35 | Create | Villager (Male) |
| 20:38 | Create | Villager (Male) |
| 20:39 | Create | Villager (Male) |
| 20:53 | Build | House |
| 20:53 | Build | House |
| 20:54 | Build | House |
| 21:04 | Create | Villager (Male) |
| 21:04 | Create | Villager (Male) |
| 21:12 | Build | Monastery |
| 21:13 | Create | Villager (Male) |
| 21:18 | Build | House |
| 21:18 | Build | House |
| 21:21 | Build | Farm |
| 21:22 | Create | Villager (Male) |
| 21:29 | Create | Villager (Male) |
| 21:31 | Create | Spearman |
| 21:36 | Create | Villager (Male) |
| 21:47 | Create | Villager (Male) |
| 21:47 | Create | Villager (Male) |
| 21:57 | Build | Town Center |
| 22:06 | Create | Villager (Male) |
| 22:07 | Create | Monk |
| 22:07 | Create | Monk |
Build order — Pierretto
First 150 of 254 actions detected
| 0:00 | Create | Villager (Male) |
| 0:01 | Create | Villager (Male) |
| 0:01 | Create | Villager (Male) |
| 0:02 | Build | House |
| 0:03 | Build | House |
| 0:19 | Create | Villager (Male) |
| 1:29 | Create | Villager (Male) |
| 2:04 | Create | Villager (Male) |
| 2:04 | Create | Villager (Male) |
| 2:09 | Build | Lumber Camp |
| 2:13 | Create | Villager (Male) |
| 3:00 | Create | Villager (Male) |
| 3:07 | Research | Double-Bit Axe |
| 3:16 | Create | Villager (Male) |
| 3:16 | Create | Villager (Male) |
| 3:53 | Create | Villager (Male) |
| 3:53 | Create | Villager (Male) |
| 3:53 | Create | Villager (Male) |
| 4:03 | Create | Villager (Male) |
| 4:04 | Create | Villager (Male) |
| 4:11 | Create | Villager (Male) |
| 4:11 | Create | Villager (Male) |
| 4:16 | Build | House |
| 4:18 | Build | House |
| 4:55 | Build | House |
| 5:06 | Create | Villager (Male) |
| 5:07 | Create | Villager (Male) |
| 5:36 | Create | Villager (Male) |
| 6:05 | Build | Mill |
| 6:22 | Create | Villager (Male) |
| 6:37 | Create | Villager (Male) |
| 6:37 | Create | Villager (Male) |
| 7:37 | Build | Farm |
| 7:48 | Create | Villager (Male) |
| 8:10 | Create | Villager (Male) |
| 8:25 | Build | Mining Camp |
| 8:43 | Build | Farm |
| 8:46 | Research | Feudal Age |
| 9:16 | Build | House |
| 10:56 | Age | Feudal Age |
| 10:58 | Build | Market |
| 11:07 | Create | Villager (Male) |
| 11:08 | Create | Villager (Male) |
| 11:15 | Build | Blacksmith |
| 11:37 | Build | Farm |
| 11:46 | Build | House |
| 12:04 | Research | Castle Age |
| 12:04 | Research | Castle Age |
| 12:04 | Research | Castle Age |
| 12:10 | Build | Farm |
| 12:20 | Build | Farm |
| 12:43 | Research | Bow Saw |
| 13:18 | Build | Farm |
| 13:26 | Build | Farm |
| 13:56 | Build | Farm |
| 14:04 | Build | Farm |
| 14:44 | Age | Castle Age |
| 14:46 | Build | Monastery |
| 14:48 | Create | Villager (Male) |
| 14:49 | Create | Villager (Male) |
| 15:18 | Build | Town Center |
| 15:59 | Create | Villager (Male) |
| 15:59 | Create | Villager (Male) |
| 16:00 | Create | Villager (Male) |
| 16:28 | Build | Town Center |
| 16:36 | Research | Wheelbarrow |
| 16:41 | Create | Villager (Male) |
| 16:41 | Create | Villager (Male) |
| 16:52 | Create | Monk |
| 16:52 | Create | Monk |
| 17:04 | Create | Villager (Male) ×5 |
| 17:27 | Research | Gold Mining |
| 17:27 | Research | Gold Mining |
| 17:32 | Build | Farm |
| 17:53 | Create | Villager (Male) |
| 18:04 | Build | Farm |
| 18:04 | Build | Farm |
| 18:04 | Build | Farm |
| 18:04 | Build | Farm |
| 18:24 | Create | Villager (Male) ×5 |
| 18:28 | Create | Villager (Male) ×2 |
| 18:41 | Create | Villager (Male) |
| 18:50 | Research | Two-Man Saw |
| 19:03 | Create | Monk |
| 19:08 | Build | Farm |
| 19:09 | Create | Villager (Male) |
| 19:16 | Build | Farm |
| 19:18 | Research | Horse Collar |
| 19:27 | Build | House |
| 19:27 | Build | House |
| 19:35 | Build | House |
| 19:37 | Build | House |
| 19:37 | Build | House |
| 19:37 | Build | House |
| 19:37 | Build | House |
| 19:37 | Build | House |
| 19:38 | Build | House |
| 20:07 | Create | Villager (Male) ×5 |
| 20:09 | Create | Villager (Male) ×2 |
| 20:13 | Build | Farm |
| 20:13 | Build | Farm |
| 20:17 | Research | Heavy Plow |
| 20:43 | Create | Villager (Male) ×5 |
| 20:51 | Build | Farm |
| 20:54 | Build | Farm |
| 20:58 | Build | Farm |
| 21:11 | Build | Lumber Camp |
| 21:41 | Create | Villager (Male) ×5 |
| 21:41 | Create | Villager (Male) ×2 |
| 21:42 | Create | Villager (Male) ×2 |
| 21:42 | Create | Villager (Male) ×2 |
| 21:47 | Build | University |
| 22:21 | Create | Villager (Male) ×5 |
| 22:27 | Build | House |
| 22:27 | Build | House |
| 22:27 | Build | House |
| 22:27 | Build | House |
| 22:28 | Build | House |
| 22:29 | Build | House |
| 22:29 | Build | House |
| 22:36 | Build | Farm |
| 22:39 | Build | Farm |
| 22:45 | Build | Lumber Camp |
| 23:05 | Build | Castle |
| 23:19 | Create | Villager (Male) ×5 |
| 23:20 | Create | Villager (Male) ×5 |
| 23:20 | Create | Villager (Male) ×5 |
| 23:27 | Build | Farm |
| 23:28 | Build | Farm |
| 23:30 | Build | Farm |
| 23:32 | Create | Villager (Male) |
| 23:35 | Build | Farm |
| 23:41 | Build | Farm |
| 23:52 | Build | Farm |
| 24:01 | Build | Barracks |
| 24:02 | Build | Barracks |
| 24:06 | Build | Mining Camp |
| 24:44 | Create | Villager (Male) ×5 |
| 24:52 | Build | Mill |
| 24:53 | Build | Farm |
| 24:53 | Build | Farm |
| 24:53 | Build | Farm |
| 24:53 | Build | Farm |
| 24:53 | Build | Farm |
| 24:57 | Create | Villager (Male) |
| 25:11 | Research | Imperial Age |
| 25:18 | Build | Farm |
| 25:20 | Build | Lumber Camp |
| 25:26 | Research | Hand Cart |
| 25:27 | Create | Villager (Male) ×4 |
Build order — Piojoso87
First 150 of 245 actions detected
| 0:01 | Create | Villager (Male) ×4 |
| 0:02 | Create | Villager (Male) ×4 |
| 0:05 | Build | House |
| 0:07 | Build | House |
| 1:36 | Create | Villager (Male) |
| 1:36 | Create | Villager (Male) |
| 1:36 | Create | Villager (Male) |
| 1:36 | Create | Villager (Male) |
| 2:12 | Create | Villager (Male) |
| 2:12 | Create | Villager (Male) |
| 2:12 | Create | Villager (Male) |
| 2:36 | Create | Villager (Male) |
| 2:36 | Create | Villager (Male) |
| 2:37 | Create | Villager (Male) |
| 2:37 | Create | Villager (Male) |
| 3:15 | Create | Villager (Male) |
| 3:15 | Create | Villager (Male) |
| 3:15 | Create | Villager (Male) |
| 3:17 | Build | House |
| 3:52 | Create | Villager (Male) |
| 3:53 | Create | Villager (Male) |
| 3:53 | Create | Villager (Male) |
| 4:15 | Create | Villager (Male) |
| 4:16 | Create | Villager (Male) |
| 4:16 | Create | Villager (Male) |
| 4:16 | Create | Villager (Male) |
| 4:16 | Create | Villager (Male) |
| 5:06 | Create | Villager (Male) |
| 5:07 | Create | Villager (Male) |
| 5:07 | Create | Villager (Male) |
| 5:32 | Create | Villager (Male) |
| 5:32 | Create | Villager (Male) |
| 5:32 | Create | Villager (Male) |
| 5:32 | Create | Villager (Male) |
| 5:48 | Build | House |
| 5:54 | Create | Villager (Male) |
| 5:54 | Create | Villager (Male) |
| 5:54 | Create | Villager (Male) |
| 5:55 | Create | Villager (Male) |
| 6:13 | Create | Villager (Male) |
| 6:29 | Create | Villager (Male) |
| 6:30 | Create | Villager (Male) |
| 6:33 | Build | Mill |
| 7:00 | Build | Lumber Camp |
| 7:28 | Research | Loom |
| 7:33 | Build | House |
| 8:07 | Create | Villager (Male) |
| 8:09 | Build | Mill |
| 8:34 | Create | Villager (Male) |
| 8:35 | Create | Villager (Male) |
| 9:24 | Research | Feudal Age |
| 9:29 | Build | Mining Camp |
| 10:32 | Build | Palisade Wall |
| 10:34 | Build | Palisade Wall |
| 10:35 | Build | Palisade Wall |
| 10:37 | Build | Palisade Wall |
| 10:39 | Build | Palisade Wall |
| 10:42 | Build | Palisade Wall |
| 11:22 | Build | Barracks |
| 11:48 | Create | Villager (Male) |
| 11:48 | Create | Villager (Male) |
| 11:56 | Age | Feudal Age |
| 12:20 | Create | Villager (Male) |
| 12:23 | Create | Spearman |
| 12:34 | Create | Villager (Male) |
| 12:40 | Build | Archery Range |
| 12:46 | Build | Blacksmith |
| 13:00 | Build | House |
| 13:19 | Create | Villager (Male) |
| 14:18 | Research | Castle Age |
| 14:46 | Build | House |
| 14:54 | Research | Double-Bit Axe |
| 14:58 | Build | Farm |
| 14:59 | Build | Farm |
| 15:01 | Build | Farm |
| 15:27 | Research | Horse Collar |
| 15:31 | Build | Farm |
| 15:36 | Build | Farm |
| 15:39 | Build | Farm |
| 15:43 | Build | House |
| 16:01 | Build | Farm |
| 16:14 | Research | Fletching |
| 16:49 | Create | Villager (Male) |
| 16:58 | Age | Castle Age |
| 17:05 | Create | Villager (Male) |
| 17:12 | Build | Monastery |
| 17:20 | Build | Town Center |
| 17:24 | Research | Bow Saw |
| 17:40 | Create | Villager (Male) |
| 17:46 | Create | Monk |
| 18:00 | Build | Farm |
| 18:03 | Create | Villager (Male) |
| 18:03 | Create | Villager (Male) |
| 18:31 | Build | Farm |
| 18:35 | Create | Elephant Archer |
| 18:37 | Create | Villager (Male) |
| 18:37 | Create | Villager (Male) |
| 18:53 | Build | Farm |
| 19:07 | Create | Monk |
| 19:09 | Create | Villager (Male) |
| 19:10 | Create | Villager (Male) |
| 19:11 | Build | Farm |
| 19:14 | Build | Farm |
| 19:17 | Build | Farm |
| 19:20 | Build | Farm |
| 19:26 | Build | Farm |
| 19:31 | Create | Elephant Archer |
| 19:33 | Create | Villager (Male) |
| 19:37 | Build | Farm |
| 19:53 | Build | Farm |
| 19:59 | Build | Farm |
| 20:01 | Build | Farm |
| 20:03 | Build | Farm |
| 20:04 | Create | Villager (Male) |
| 20:05 | Create | Villager (Male) |
| 20:23 | Create | Villager (Male) |
| 20:33 | Create | Villager (Male) |
| 20:36 | Build | Town Center |
| 20:43 | Create | Elephant Archer |
| 20:58 | Create | Spearman |
| 21:02 | Create | Villager (Male) |
| 21:03 | Build | House |
| 21:04 | Build | House |
| 21:07 | Create | Villager (Male) |
| 21:09 | Create | Villager (Male) |
| 21:20 | Build | Farm |
| 21:24 | Create | Villager (Male) |
| 21:39 | Research | Padded Archer Armor |
| 21:48 | Build | Archery Range |
| 22:02 | Create | Elephant Archer |
| 22:21 | Research | Elite Skirmisher (upgrade) |
| 22:22 | Create | Villager (Male) |
| 22:24 | Create | Villager (Male) |
| 22:41 | Build | University |
| 22:47 | Create | Elephant Archer |
| 22:48 | Create | Villager (Male) |
| 22:52 | Build | Farm |
| 22:54 | Create | Villager (Male) |
| 22:57 | Build | Farm |
| 23:07 | Build | Farm |
| 23:11 | Create | Villager (Male) |
| 23:19 | Research | Bodkin Arrow |
| 23:19 | Research | Bodkin Arrow |
| 23:26 | Create | Skirmisher |
| 23:27 | Create | Skirmisher |
| 23:36 | Build | House |
| 23:37 | Build | House |
| 23:42 | Create | Villager (Male) |
| 23:43 | Create | Villager (Male) |
| 23:55 | Create | Villager (Male) |
Build order — Eat_Rice
First 150 of 222 actions detected
| 0:00 | Create | Villager (Male) |
| 0:01 | Create | Villager (Male) |
| 0:01 | Create | Villager (Male) |
| 0:03 | Build | House |
| 0:05 | Build | House |
| 0:23 | Create | Villager (Male) |
| 1:19 | Create | Villager (Male) |
| 1:53 | Create | Villager (Male) |
| 1:55 | Build | Lumber Camp |
| 2:12 | Create | Villager (Male) |
| 2:48 | Create | Villager (Male) |
| 3:01 | Create | Villager (Male) |
| 3:36 | Create | Villager (Male) |
| 3:58 | Build | House |
| 4:00 | Build | House |
| 4:01 | Build | House |
| 4:04 | Create | Villager (Male) |
| 4:17 | Create | Villager (Male) |
| 4:27 | Create | Villager (Male) |
| 4:47 | Build | Mill |
| 5:22 | Create | Villager (Male) ×3 |
| 5:48 | Create | Villager (Male) |
| 6:07 | Create | Villager (Male) |
| 6:24 | Build | Mining Camp |
| 6:30 | Create | Villager (Male) |
| 6:36 | Create | Villager (Male) |
| 8:14 | Create | Villager (Male) |
| 8:34 | Build | Mining Camp |
| 8:36 | Research | Feudal Age |
| 8:47 | Build | Farm |
| 8:50 | Build | Farm |
| 9:06 | Create | Villager (Male) |
| 10:39 | Build | Farm |
| 10:57 | Age | Feudal Age |
| 11:04 | Create | Villager (Male) |
| 11:07 | Build | Market |
| 11:09 | Build | Blacksmith |
| 11:28 | Build | Farm |
| 11:45 | Build | House |
| 12:11 | Research | Castle Age |
| 12:40 | Build | Farm |
| 14:28 | Research | Horse Collar |
| 14:43 | Create | Villager (Male) |
| 14:51 | Age | Castle Age |
| 14:56 | Build | Castle |
| 15:04 | Research | Double-Bit Axe |
| 15:17 | Build | Town Center |
| 15:25 | Create | Villager (Male) |
| 16:00 | Create | Villager (Male) |
| 16:21 | Create | Villager (Male) |
| 16:27 | Build | Farm |
| 16:28 | Build | Farm |
| 16:32 | Create | Longbowman |
| 16:32 | Create | Longbowman |
| 16:35 | Build | Farm |
| 16:38 | Build | Farm |
| 16:40 | Create | Villager (Male) |
| 16:48 | Create | Villager (Male) |
| 16:48 | Create | Villager (Male) |
| 16:50 | Create | Longbowman |
| 16:52 | Create | Longbowman |
| 17:07 | Build | Monastery |
| 17:10 | Create | Longbowman |
| 17:12 | Create | Villager (Male) |
| 17:13 | Create | Villager (Male) |
| 17:24 | Build | Farm |
| 17:28 | Build | House |
| 17:32 | Create | Villager (Male) |
| 17:33 | Create | Villager (Male) |
| 18:15 | Create | Monk |
| 18:16 | Create | Villager (Male) |
| 18:19 | Create | Petard |
| 18:20 | Create | Longbowman |
| 18:30 | Create | Villager (Male) |
| 18:31 | Create | Villager (Male) |
| 18:33 | Build | Farm |
| 18:36 | Build | Farm |
| 18:39 | Build | Farm |
| 18:42 | Build | Farm |
| 18:45 | Research | Fletching |
| 18:55 | Research | Gold Mining |
| 19:01 | Create | Petard |
| 19:27 | Create | Villager (Male) |
| 19:27 | Create | Villager (Male) |
| 19:30 | Build | Town Center |
| 19:36 | Build | Farm |
| 19:42 | Create | Villager (Male) |
| 19:43 | Create | Villager (Male) |
| 19:45 | Build | Farm |
| 19:46 | Build | Farm |
| 19:46 | Build | Farm |
| 20:03 | Create | Longbowman |
| 20:06 | Create | Longbowman |
| 20:35 | Research | Bodkin Arrow |
| 20:39 | Build | Farm |
| 20:40 | Build | Farm |
| 20:45 | Build | Farm |
| 20:48 | Create | Longbowman |
| 20:51 | Create | Villager (Male) |
| 20:56 | Create | Villager (Male) ×2 |
| 20:58 | Build | Farm |
| 20:59 | Build | Farm |
| 21:24 | Create | Villager (Male) |
| 21:49 | Create | Villager (Male) |
| 22:07 | Create | Villager (Male) |
| 22:15 | Create | Villager (Male) |
| 22:16 | Create | Villager (Male) |
| 22:32 | Create | Villager (Male) |
| 22:33 | Create | Villager (Male) |
| 22:33 | Create | Villager (Male) |
| 22:37 | Build | University |
| 23:03 | Research | Wheelbarrow |
| 23:04 | Create | Villager (Male) |
| 23:09 | Research | Gold Shaft Mining |
| 23:10 | Create | Longbowman |
| 23:10 | Create | Longbowman |
| 23:16 | Build | Town Center |
| 23:21 | Research | Loom |
| 23:43 | Create | Villager (Male) |
| 23:50 | Create | Villager (Male) |
| 23:56 | Build | Farm |
| 23:57 | Create | Villager (Male) |
| 24:14 | Create | Villager (Male) |
| 24:15 | Create | Villager (Male) |
| 24:21 | Build | House |
| 24:22 | Build | House |
| 24:23 | Build | House |
| 24:27 | Research | Hand Cart |
| 24:28 | Research | Heavy Plow |
| 24:32 | Create | Villager (Male) |
| 24:44 | Create | Villager (Male) |
| 24:51 | Build | Farm |
| 24:52 | Build | Farm |
| 24:53 | Build | Farm |
| 24:56 | Build | Farm |
| 25:11 | Create | Villager (Male) |
| 25:15 | Build | House |
| 25:16 | Build | House |
| 25:16 | Build | House |
| 25:17 | Build | House |
| 25:18 | Build | House |
| 25:34 | Create | Monk |
| 25:42 | Create | Villager (Male) |
| 25:43 | Create | Villager (Male) |
| 25:49 | Research | Padded Archer Armor |
| 26:06 | Create | Villager (Male) |
| 26:06 | Create | Villager (Male) |
| 26:18 | Create | Longbowman |
| 26:22 | Create | Villager (Male) |
| 26:23 | Create | Villager (Male) |
Match timeline
| 10:31 | Darth Yoda · age_up feudal |
| 10:32 | Piojoso87 · wall_segment Palisade Wall x1 |
| 10:34 | Piojoso87 · wall_segment Palisade Wall x1 |
| 10:35 | Piojoso87 · wall_segment Palisade Wall x1 |
| 10:37 | Piojoso87 · wall_segment Palisade Wall x1 |
| 10:39 | Piojoso87 · wall_segment Palisade Wall x1 |
| 10:42 | Piojoso87 · wall_segment Palisade Wall x1 |
| 10:56 | Pierretto · age_up feudal |
| 10:57 | Eat_Rice · age_up feudal |
| 11:22 | Piojoso87 · first_building Barracks |
| 11:56 | Piojoso87 · age_up feudal |
| 12:40 | Piojoso87 · first_building Archery Range |
| 14:26 | Darth Yoda · age_up castle |
| 14:44 | Pierretto · age_up castle |
| 14:46 | Pierretto · first_building Monastery |
| 14:51 | Eat_Rice · age_up castle |
| 14:56 | Eat_Rice · first_building Castle |
| 16:27 | Darth Yoda · first_market_buy 100 food |
| 16:58 | Piojoso87 · age_up castle |
| 17:07 | Eat_Rice · first_building Monastery |
| 17:12 | Piojoso87 · first_building Monastery |
| 18:52 | Eat_Rice · first_market_buy 100 food |
| 20:26 | Darth Yoda · first_building Barracks |
| 21:12 | Darth Yoda · first_building Monastery |
| 23:05 | Pierretto · first_building Castle |
| 23:57 | Darth Yoda · first_market_sell 100 wood |
| 24:01 | Pierretto · first_building Barracks |
| 24:07 | Darth Yoda · first_building Stable |
| 25:38 | Darth Yoda · first_building Castle |
| 25:51 | Pierretto · first_building Archery Range |
| 26:08 | Piojoso87 · first_building Siege Workshop |
| 27:44 | Eat_Rice · first_building Barracks |
| 28:10 | Darth Yoda · age_up imperial |
| 28:21 | Pierretto · age_up imperial |
| 28:22 | Eat_Rice · first_building Archery Range |
| 28:36 | Pierretto · first_market_sell 100 food |
| 29:21 | Darth Yoda · first_building Siege Workshop |
| 30:23 | Eat_Rice · first_building Siege Workshop |
| 30:46 | Pierretto · first_building Siege Workshop |
| 30:50 | Eat_Rice · age_up imperial |
| 30:53 | Piojoso87 · first_building Stable |
| 32:37 | Pierretto · resign |
[ AI ANALYSIS · 1 CREDIT ]
What really happened in this match?
Wolo.gg analyzes every decision: build order, eco, micro, common mistakes by bracket. Personalized analysis on WhatsApp or Discord in 30 seconds.
Civ guide
Teutons
Perfil
Jugador #304309